 Dungeon Crawl Stone Soup version 0.30.1-3-gfc49f6343a (webtiles) character file.

Game seed: 11289990022587759044

37 hawla the Firebug (level 3, -2/26 HPs)
             Began as a Meteoran Fire Elementalist on July 22, 2023.
             Slain by a black bear (5 damage)
             ... on level 4 of the Dungeon.
             The game lasted 00:01:58 (314 turns).

hawla the Firebug (Meteoran Fire Elementalist)       Turns: 314, Time: 00:01:59

Health: -2/26      AC:  2    Str: 10    XL:     3   Next: 85%
Magic:  0/9        EV: 17    Int: 18    God:
Gold:   49         SH:  0    Dex: 14    Spells: 6/9 levels left

rFire   + . .        (no weapon)
rCold   + . .        (no shield)
rNeg    . . .        a - +0 robe
rPois   +            (no helmet)
rElec   +            (no cloak)
rCorr   +            (no gloves)
SInv    .            (no boots)
Will    .....        (no amulet)
Stlth   +            e - +5 ring of evasion
HPRegen 0.24/turn    (no ring)
MPRegen 0.11/turn

%: no passive effects
@: about to teleport, resistant, very slightly contaminated, glowing
A: sense surroundings 1, otherworldly, glowing, explore regen
a: no special abilities


You were on level 4 of the Dungeon.
You visited 1 branch of the dungeon, and saw 4 of its levels.

You collected 49 gold pieces.

Inventory:

Armour
 a - a +0 robe (worn)
Jewellery
 e - a +5 ring of evasion (left hand)
Scrolls
 f - a scroll of immolation {unknown}
 g - a scroll of magic mapping {unknown}
Potions
 c - a potion of degeneration {unknown}


   Skills:
 + Level 2.8 Dodging
 - Level 1.4 Stealth
 + Level 3.5 Spellcasting
 + Level 1.3 Conjurations
 + Level 4.4 Fire Magic


You had 6 spell levels left.
You knew the following spells:

 Your Spells              Type           Power      Damage    Failure   Level
a - Foxfire               Conj/Fire      52%        2x1d6     4%          1
b - Scorch                Fire           38%        2d7       3%          2

Your spell library contained the following spells:

 Spells                   Type           Power      Damage    Failure   Level
 Inner Flame              Hex/Fire       11%        N/A       19%         3
 Volatile Blastmotes      Fire/Tloc      22%        2d11      19%         3
 Flame Wave               Conj/Fire      13%        2d6       43%         4


Dungeon Overview and Level Annotations

Branches:
Dungeon (4/15) Zot: 2086
 Temple: D:4-7

Altars:

Shops:
D:2 *


Innate Abilities, Weirdness & Mutations

You passively map a small area around you.
You are easily found by Zot.
You glow in the dark.
You regain HP and MP as you explore.


Message History

Casting: Scorch (safe; 3% risk of failure)
Confirm with . or Enter, or press ? or * to list all spells.
You miscast Foxfire.
You are very lightly contaminated with residual magic.
Nothing appears to happen.
The black bear misses you. The black bear claws you. The black bear misses you.
An endoplasm comes into view.
Casting: Foxfire (safe; 4% risk of failure)
Confirm with . or Enter, or press ? or * to list all spells.
You conjure some foxfire!
The endoplasm quivers.
The black bear closely misses you. The black bear claws you. x2
The foxfire hits the black bear but does no damage.
The black bear is severely wounded.
The foxfire hits the black bear but does no damage.
The black bear is severely wounded.
Casting: Foxfire (safe; 4% risk of failure)
Confirm with . or Enter, or press ? or * to list all spells.
You conjure some foxfire!
The black bear bites you. The black bear closely misses you.
The black bear claws you. The endoplasm attacks as you move away!
The endoplasm barely misses you.
The black bear attacks as you move away!
The black bear barely misses you. The black bear closely misses you.
The black bear claws you.
* * * LOW HITPOINT WARNING * * *
The foxfire hits the endoplasm.
The endoplasm is almost dead.
The foxfire hits the black bear.
The black bear is burned terribly!
The black bear is severely wounded.
The black bear goes berserk!
As you read the scroll labelled ONUACS SUQIYHO, it crumbles to dust.
You feel strangely unstable.
It was a scroll of teleportation.
The black bear rages.
The endoplasm jiggles.
The endoplasm freezes you.
You are frozen.
* * * LOW HITPOINT WARNING * * *
It was a potion of resistance.
You feel protected. The black bear closely misses you.
The black bear claws you.
You die...

, , * ** .# ,
~ ##.,.., , ,
.. ..., * *
.#...,
#########.#.#.
, ~
#...?.........
~ #.........#
, * * * *
#...$.@...#
#.....Jh..+ *,
,, #.......<.#
, #.........#
* ########....
, #.##.#, **
#+# .# * , * ,
, , * # , , ,


You could see a black bear (berserk, combustible) and an endoplasm.

Vanquished Creatures
  3 adders (D:2)
  A ball python (D:2)
  A goblin (D:2)
  4 jackals (D:2)
  A frilled lizard (D:2)
10 creatures vanquished.

Vanquished Creatures (others)
  30 foxfires
30 creatures vanquished.

Grand Total: 40 creatures vanquished

Notes
Turn   | Place    | Note
-------+----------+-------------------------------------------
     0 | D:1      | hawla the Meteoran Fire Elementalist began the quest for
                  | the Orb.
     0 | D:1      | Reached XP level 1. HP: 14/14 MP: 5/5
    16 | D:2      | Found Xomav's Assorted Antiques.
    68 | D:2      | Reached skill level 4 in Fire Magic
    68 | D:2      | Reached XP level 2. HP: 11/20 MP: 2/6
    71 | D:2      | Learned a level 2 spell: Scorch
    89 | D:2      | Reached XP level 3. HP: 10/26 MP: 8/8
   303 | D:4      | Noticed a black bear
   314 | D:4      | Slain by a black bear

Illustrated notes

Levels and vault maps discovered:
D:1:      amcnicky_arrival_flooded_fountain, layout_basic,
          shapermc_ecumenical_altar_petra
D:2:      layout_basic, serial_shops, nicolae_shop_just_a_little_nook,
          uniq_sigmund
D:3:      layout_basic, okawaru_altar_gauntlet_db, grunt_decor_resistance,
          minmay_joined_circles
D:4:      wad_lake_hut, layout_basic, amcnicky_altar_gilded,
          minmay_temple_entry_poolview, uniq_pikel

Skill      XL: |  1  2 |
---------------+-------+-----
Fire Magic     | 4 |  4.4
Spellcasting   | 3 |  3.5
Dodging        | |  2.8
Stealth        | |  1.4
Conjurations   | |  1.3

Action                     || total
---------------------------++-------
  Melee: Unarmed           ||     5
   Cast: Foxfire           ||    19
         Scorch            ||     3
    Use: Potion            ||     2
         Scroll            ||     1
 Armour: Robe              ||     1
  Dodge: Dodged            ||    15
